 Dungeon Crawl Stone Soup version 0.31.0 (webtiles) character file.

Game seed: 8504742453817660834

4183 qw the Skirmisher (level 10, -7/64 HPs)
             Began as a Gargoyle Hunter on Jan 19, 2024.
             Was a Believer of Okawaru.
             Mangled by a skeletal warrior
             ... wielding a +0 hand axe
              (18 damage)
             ... on level 9 of the Dungeon.
             The game lasted 00:00:35 (7454 turns).

qw the Skirmisher (Gargoyle Hunter)                 Turns: 7454, Time: 00:00:36

Health: -7/64      AC: 17    Str: 15    XL:     10   Next: 29%
Magic:  11/13      EV: 21    Int: 10    God:    Okawaru [**....]
Gold:   301        SH:  0    Dex: 20    Spells: 9/9 levels left

rFire   . . .        d - +0 orcbow
rCold   . . .        (shield currently unavailable)
rNeg    + . .        m - +0 ring mail
rPois   inf          (no helmet)
rElec   +            (no cloak)
rCorr   +            r - +0 pair of gloves of Demons {rC- rCorr Dex+3}
SInv    .            j - +1 pair of boots
Will    .....        (no amulet)
Stlth   +++          k - +5 ring of evasion
HPRegen 0.30/turn    n - ring of protection from cold
MPRegen 0.13/turn

%: no passive effects
@: about to teleport, heroic
A: sickness immunity, AC +7, negative energy resistance 1, electricity
resistance, torment resistance 1, petrification resistance
a: Renounce Religion, Heroism


You were on level 9 of the Dungeon.
You worshipped Okawaru.
Okawaru was pleased with you.
You visited 2 branches of the dungeon, and saw 10 of its levels.

You collected 381 gold pieces.
You spent 80 gold pieces at shops.


Innate Abilities, Weirdness & Mutations

You are immune to sickness and miasma.
Your stone body is resilient. (AC +7)
You are immune to poison.
You resist negative energy. (rN+)
You are resistant to electric shocks. (rElec)
You are resistant to unholy torment.
You are immune to petrification.


   Skills:
 - Level 8.0(13.0) Fighting
 - Level 12.0(17.0) Ranged Weapons
 - Level 3.2(8.2) Armour
 + Level 3.2(8.2) Dodging
 - Level 1.1(6.1) Stealth
 - Level 4.1 Invocations


You had 9 spell levels left.
You didn't know any spells.
Your spell library was empty.

Inventory:

Hand Weapons
 d - a +0 orcbow (weapon)
Armour
 j - a +1 pair of boots (worn)
 m - a +0 ring mail (worn)
 r - the +0 pair of gloves of Demons (worn) {rC- rCorr Dex+3}
   (You found it on level 8 of the Dungeon)

   Dex+3:     It affects your dexterity (+3).
   rC-:       It makes you vulnerable to cold.
   rCorr:     It protects you from acid and corrosion.
Jewellery
 k - a +5 ring of evasion (left hand)
 n - a ring of protection from cold (right hand)
 Y - a ring of positive energy
Wands
 h - a wand of acid (6)
 l - a wand of iceblast (5)
Scrolls
 e - 7 scrolls of teleportation
Potions
 b - a potion of curing
 c - 3 potions of haste
 f - 2 potions of enlightenment
 g - 2 potions of might
 i - a potion of mutation
 p - a potion of resistance

Dungeon Overview and Level Annotations

Branches:
Dungeon (9/15)             Temple (1/1) D:5
   Lair: D:8-11         Orc: D:9-12

Altars:
Ashenzari
Cheibriados
Dithmenos
Elyvilon
Fedhas
Gozag
Hepliaklqana
Kikubaaqudgha
Makhleb
Nemelex Xobeh
Okawaru
Qazlal
Ru
Sif Muna
Trog
Uskayaw
Vehumet
Wu Jian
Xom
Yredelemnul
Zin
The Shining One

Shops:
D:1 ?   D:3 ?   D:5 (

Annotations:
D:5 2 transporters


Message History

Your surroundings suddenly seem different.
Found 3 darts of dispersal.
Found a stone staircase leading down.
You start resting.
Magic restored.
You start resting.
A skeletal warrior comes into view.
It is wielding a +0 hand axe, wearing the +2 scale mail of the Transmuting Gods {Will+ Str+3 SInv} and quivering poisoned darts.
You shoot an arrow.
The arrow hits the skeletal warrior but does no damage.
You shoot an arrow. The arrow hits the skeletal warrior!
The skeletal warrior is moderately damaged.
You feel like a meek peon again.
The skeletal warrior throws a poisoned dart.
The poisoned dart closely misses you.
7447 ||| INVOKING Heroism.
You gain the combat prowess of a mighty hero.
You shoot an arrow.
The arrow hits the skeletal warrior but does no damage.
The skeletal warrior is moderately damaged.
The skeletal warrior hits you with a +0 hand axe.
You shoot an arrow.
The arrow closely misses the skeletal warrior.
The skeletal warrior completely misses you.
You shoot an arrow.
The arrow barely misses the skeletal warrior.
The skeletal warrior hits you with a +0 hand axe!
7451 ||| READING 8 scrolls of teleportation.
As you read the scroll of teleportation, it crumbles to dust.
You feel strangely unstable.
The skeletal warrior completely misses you.
You shoot an arrow.
The arrow hits the skeletal warrior but does no damage.
The skeletal warrior is moderately damaged.
You shoot an arrow.
The arrow hits the skeletal warrior but does no damage.
The skeletal warrior is moderately damaged.
The skeletal warrior completely misses you.
You shoot an arrow.
The arrow barely misses the skeletal warrior.
The skeletal warrior hits you with a +0 hand axe!!
You die...

#.# ..# ### #
.# #########.##
....(..@z..#
........>..#
...#####+#.....
. ####


You could see a skeletal warrior.

Vanquished Creatures
  A wolf spider (D:9)
  Psyche (D:8)
  A hornet (D:8)
  A shadow (D:7)
  3 yaks (D:8)
  2 water moccasins
  An ice beast (D:6)
  2 sky beasts
  A black bear (D:5)
  A centaur (D:8)
  An ogre (D:6)
  A phantom (D:7)
  A kobold brigand (D:7)
  3 bullfrogs
  3 scorpions
  3 necrophages (D:4)
  3 wights
  5 killer bees (D:8)
  An electric eel (D:6)
  2 bombardier beetles
  A centaur zombie (D:4)
  3 hounds
  A human zombie (D:4)
  3 orc priests
  3 jellies
  A sleepcap (D:4)
  An iguana (D:5)
  7 orc wizards
  2 hound zombies (D:4)
  A mummy (D:4)
  12 gnolls
  8 adders
  A river rat (D:3)
  A white imp (D:7)
  2 ufetubi (D:5)
  2 adder zombies (D:4)
  A ribbon worm (D:3)
  2 dart slugs
  29 orcs
  8 ball pythons
  6 endoplasms
  7 giant cockroaches
  9 goblins
  7 hobgoblins
  6 jackals (D:2)
  5 quokkas
  3 bats
  2 frilled lizards
  12 kobolds
  5 rats
188 creatures vanquished.

Notes
Turn   | Place    | Note
-------+----------+-------------------------------------------
     0 | D:1      | qw the Gargoyle Hunter began the quest for the Orb.
     0 | D:1      | Reached XP level 1. HP: 12/12 MP: 1/1
     0 | D:1      | 0 ||| qw: Version: 0.3-a-132-g3d54051
     0 | D:1      | 0 ||| qw: Game counter: 145
     0 | D:1      | 0 ||| qw: Melee chars always use a shield: true
     0 | D:1      | 0 ||| qw: God list: Okawaru
     0 | D:1      | 0 ||| qw: Allow faded altars: false
     0 | D:1      | 0 ||| qw: Do Orc after clearing Dungeon:15 true
     0 | D:1      | 0 ||| qw: Do second Lair branch before Depths: true
     0 | D:1      | 0 ||| qw: Lair rune preference: random
     0 | D:1      | 0 ||| qw: Goals: Normal
     0 | D:1      | 0 ||| PLANNING D:1-11
    16 | D:1      | HP: 3/12 [gnoll/+0 club (6)]
    19 | D:1      | Reached XP level 2. HP: 5/17 MP: 2/2
   106 | D:1      | Found Tuongon's Magic Scroll Emporium.
   116 | D:1      | 116 ||| SHOPLISTING scroll of identify (22 gold, have 0).
   116 | D:1      | 116 ||| SHOPLISTING scroll of teleportation (33 gold, have
                  | 0).
   311 | D:1      | Reached XP level 3. HP: 21/21 MP: 3/3
   427 | D:1      | Reached skill level 5 in Ranged Weapons
   777 | D:1      | 777 ||| READING scroll labelled JUECEW BASAQA.
   777 | D:1      | 777 ||| IDENTIFYING metallic clear potion
   778 | D:1      | 778 ||| READING scroll labelled VIWKODIKUG.
   779 | D:1      | 779 ||| READING scroll labelled YLUAQA SEONTARCH.
   780 | D:1      | 780 ||| DRINKING 2 cyan potions.
   781 | D:1      | 781 ||| DROPPING scroll of butterflies.
   782 | D:1      | 782 ||| DROPPING potion of degeneration.
   982 | D:2      | Reached skill level 3 in Fighting
  1072 | D:2      | Reached XP level 4. HP: 28/28 MP: 4/4
  1171 | D:2      | Found a faded altar of an unknown god.
  1331 | D:2      | 1331 ||| FLEEEEING.
  1460 | D:2      | 1460 ||| READING scroll of identify.
  1460 | D:2      | 1460 ||| IDENTIFYING lumpy orange potion
  1461 | D:2      | 1461 ||| READING scroll labelled SAUFYXKYI.
  1461 | D:2      | 1461 ||| ENCHANTING +0 shortbow.
  1462 | D:2      | 1462 ||| READING 2 scrolls labelled LYUMEOMPOM.
  1465 | D:2      | 1465 ||| READING scroll labelled GURCHO JEIS.
  1465 | D:2      | 1465 ||| BRANDING +1 shortbow.
  1486 | D:3      | 1486 ||| PLANNING SEWER
  1491 | D:3      | 1491 ||| STAIRDANCE
  1493 | D:2      | 1493 ||| FLEEEEING.
  1517 | D:3      | 1517 ||| STAIRDANCE
  1583 | D:3      | Reached XP level 5. HP: 32/32 MP: 5/5
  1585 | D:3      | Reached skill level 6 in Ranged Weapons
  1650 | D:3      | Found Puwniump's Magic Scroll Shoppe.
  1657 | D:3      | 1657 ||| BUYING scroll of identify (20 gold).
  1657 | D:3      | Bought a scroll of identify for 20 gold pieces
  1657 | D:3      | 1657 ||| BUYING scroll of teleportation (30 gold).
  1657 | D:3      | Bought a scroll of teleportation for 30 gold pieces
  1657 | D:3      | 1657 ||| BUYING scroll of teleportation (30 gold).
  1657 | D:3      | Bought a scroll of teleportation for 30 gold pieces
  1725 | D:3      | Found a stormy altar of Qazlal.
  1759 | D:3      | Found a hide-covered altar of Uskayaw.
  1925 | D:3      | 1925 ||| FLEEEEING.
  2029 | D:3      | Found a glowing drain.
  2031 | D:3      | 2031 ||| READING scroll of identify.
  2031 | D:3      | 2031 ||| IDENTIFYING dark potion
  2032 | D:3      | 2032 ||| READING scroll labelled SYUTSO MEB KEU.
  2032 | D:3      | 2032 ||| ENCHANTING +1 heavy shortbow.
  2033 | D:3      | 2033 ||| READING scroll labelled QUCVEV HESUR.
  2034 | D:3      | 2034 ||| FLEEEEING.
  2156 | D:3      | 2156 ||| RIP SEWER
  2156 | D:3      | 2156 ||| PLANNING D:1-11
  2321 | D:4      | 2321 ||| READING scroll of enchant weapon.
  2321 | D:4      | 2321 ||| ENCHANTING +1 heavy shortbow.
  2455 | D:4      | Noticed a sky beast
  2460 | D:4      | Killed a sky beast
  2461 | D:4      | Reached XP level 6. HP: 38/38 MP: 6/6
  2564 | D:4      | Reached skill level 7 in Ranged Weapons
  2564 | D:4      | 2564 ||| FLEEEEING.
  2594 | D:4      | Found a basalt altar of Yredelemnul.
  2636 | D:4      | Reached XP level 7. HP: 26/43 MP: 7/7
  2636 | D:4      | 2636 ||| FLEEEEING.
  2757 | D:4      | 2757 ||| FLEEEEING.
  2955 | D:4      | 2955 ||| FLEEEEING.
  2956 | D:4      | 2956 ||| FLEEEEING.
  2957 | D:4      | 2957 ||| FLEEEEING.
  2958 | D:4      | 2958 ||| FLEEEEING.
  2959 | D:4      | 2959 ||| FLEEEEING.
  2960 | D:4      | 2960 ||| FLEEEEING.
  2969 | D:4      | 2969 ||| FLEEEEING.
  2970 | D:4      | 2970 ||| FLEEEEING.
  2983 | D:4      | 2983 ||| FLEEEEING.
  2984 | D:4      | 2984 ||| FLEEEEING.
  2985 | D:4      | 2985 ||| FLEEEEING.
  2986 | D:4      | 2986 ||| FLEEEEING.
  2996 | D:4      | 2996 ||| FLEEEEING.
  2997 | D:4      | 2997 ||| FLEEEEING.
  2998 | D:4      | 2998 ||| FLEEEEING.
  2999 | D:4      | 2999 ||| FLEEEEING.
  3000 | D:4      | 3000 ||| FLEEEEING.
  3222 | D:4      | Reached skill level 8 in Ranged Weapons
  3272 | D:4      | 3272 ||| FLEEEEING.
  3378 | D:4      | 3378 ||| UPGRADING to +0 pair of boots.
  3383 | D:4      | 3383 ||| UPGRADING to +0 ring mail.
  3393 | D:4      | 3393 ||| DROPPING +0 leather armour.
  3394 | D:4      | 3394 ||| DROPPING ring of flight.
  3395 | D:4      | 3395 ||| UPGRADING to +5 ring of evasion.
  3436 | D:5      | Entered Level 5 of the Dungeon
  3466 | D:5      | Reached XP level 8. HP: 44/50 MP: 8/8
  3512 | D:5      | 3512 ||| FLEEEEING.
  3585 | D:5      | Found a transporter.
  3590 | D:5      | Found Difolifa's Weapon Boutique.
  3684 | D:5      | Reached skill level 9 in Ranged Weapons
  3841 | D:5      | 3841 ||| READING scroll of enchant weapon.
  3841 | D:5      | 3841 ||| ENCHANTING +2 heavy shortbow.
  3931 | D:5      | Found a transporter.
  4047 | D:5      | Found a staircase to the Ecumenical Temple.
  4048 | D:5      | 4048 ||| PLANNING TEMPLE
  4048 | D:5      | 4048 ||| UPGRADING to ring of positive energy.
  4049 | D:5      | 4049 ||| READING scroll of identify.
  4049 | D:5      | 4049 ||| IDENTIFYING metallic cyan potion
  4050 | D:5      | 4050 ||| READING scroll labelled BOTIGY JIKENA.
  4051 | D:5      | 4051 ||| READING scroll labelled SAFODW OLIEROI.
  4071 | Temple   | Entered the Ecumenical Temple
  4072 | Temple   | 4072 ||| PLANNING OKAWARU WORSHIP
  4077 | Temple   | Became a worshipper of Warmaster Okawaru
  4078 | Temple   | 4078 ||| PLANNING D:1-11
  4110 | D:6      | 4110 ||| STAIRDANCE
  4190 | D:6      | Reached skill level 6 in Fighting
  4257 | D:6      | 4257 ||| READING scroll of identify.
  4257 | D:6      | 4257 ||| IDENTIFYING red potion
  4258 | D:6      | 4258 ||| DROPPING potion of berserk rage.
  4270 | D:6      | 4270 ||| FLEEEEING.
  4395 | D:6      | Reached * piety under Okawaru
  4396 | D:6      | 4396 ||| FLEEEEING.
  4574 | D:6      | Reached skill level 10 in Ranged Weapons
  4574 | D:6      | Reached skill level 1 in Invocations
  4585 | D:6      | Reached XP level 9. HP: 55/55 MP: 10/10
  4969 | D:6      | 4969 ||| READING scroll of identify.
  4969 | D:6      | 4969 ||| IDENTIFYING lumpy coppery potion
  4970 | D:6      | 4970 ||| DROPPING potion of brilliance.
  5139 | D:7      | 5139 ||| FLEEEEING.
  5188 | D:7      | Reached skill level 3 in Invocations
  5236 | D:7      | 5236 ||| READING scroll of enchant armour.
  5236 | D:7      | 5236 ||| ENCHANTING +0 pair of boots.
  5514 | D:7      | 5514 ||| FLEEEEING.
  5753 | D:7      | 5753 ||| READING scroll of identify.
  5753 | D:7      | 5753 ||| IDENTIFYING ruby potion
  5754 | D:7      | 5754 ||| READING scroll labelled OHILAKKAIKK.
  5755 | D:7      | 5755 ||| DRINKING 2 bubbling amethyst potions.
  5796 | D:7      | 5796 ||| DROPPING potion of lignification.
  5810 | D:8      | 5810 ||| FLEEEEING.
  5811 | D:8      | 5811 ||| STAIRDANCE
  5840 | D:8      | Found a glowing silver altar of Zin.
  5874 | D:8      | Noticed a hornet
  5875 | D:8      | 5875 ||| INVOKING Heroism.
  5878 | D:8      | Killed a hornet
  5892 | D:8      | Found a blossoming altar of Fedhas.
  6020 | D:8      | 6020 ||| SWAPPING to +0 orcbow.
  6021 | D:8      | 6021 ||| DROPPING +3 heavy shortbow.
  6023 | D:8      | Noticed Psyche
  6024 | D:8      | 6024 ||| INVOKING Heroism.
  6037 | D:8      | 6037 ||| FLEEEEING.
  6048 | D:8      | 6048 ||| FLEEEEING.
  6059 | D:8      | 6059 ||| FLEEEEING.
  6066 | D:8      | 6066 ||| INVOKING Heroism.
  6072 | D:8      | Killed Psyche
  6072 | D:8      | Reached ** piety under Okawaru
  6073 | D:8      | Reached skill level 11 in Ranged Weapons
  6202 | D:8      | 6202 ||| RETREEEEATING.
  6203 | D:8      | 6203 ||| RETREEEEATING.
  6206 | D:8      | 6206 ||| RETREEEEATING.
  6210 | D:8      | Reached skill level 3 in Dodging
  6231 | D:8      | Reached skill level 3 in Armour
  6235 | D:8      | Reached XP level 10. HP: 20/63 MP: 13/13
  6409 | D:8      | 6409 ||| DRINKING 3 potions of curing.
  6409 | D:8      | 6409 ||| (to cure confusion)
  6410 | D:8      | 6410 ||| DRINKING 2 potions of curing.
  6410 | D:8      | 6410 ||| (to cure confusion)
  6673 | D:8      | Identified the +0 pair of gloves of Demons {rC- rCorr
                  | Dex+3}
  6776 | D:8      | 6776 ||| FLEEEEING.
  7094 | D:8      | 7094 ||| UPGRADING to +0 pair of gloves of Demons {rC-
                  | rCorr Dex+3}.
  7099 | D:8      | 7099 ||| UPGRADING to ring of protection from cold.
  7101 | D:8      | 7101 ||| READING scroll of identify.
  7101 | D:8      | 7101 ||| IDENTIFYING puce potion
  7102 | D:8      | 7102 ||| DRINKING 2 smoky amethyst potions.
  7103 | D:8      | 7103 ||| DRINKING 2 fizzy blue potions.
  7104 | D:8      | 7104 ||| DROPPING potion of invisibility.
  7138 | D:9      | 7138 ||| FLEEEEING.
  7141 | D:9      | 7141 ||| STAIRDANCE
  7149 | D:8      | 7149 ||| FLEEEEING.
  7403 | D:9      | Noticed a wolf spider
  7404 | D:9      | 7404 ||| RETREEEEATING.
  7404 | D:9      | Noticed a two-headed ogre
  7405 | D:9      | 7405 ||| RETREEEEATING.
  7413 | D:9      | 7413 ||| RETREEEEATING.
  7414 | D:9      | 7414 ||| ZAPPING wand of iceblast (6) at -2,1 (wolf spider;
                  | floor).
  7417 | D:9      | 7417 ||| INVOKING Heroism.
  7417 | D:9      | HP: 11/64 [wolf spider (8)]
  7418 | D:9      | 7418 ||| READING 10 scrolls of teleportation.
  7418 | D:9      | HP: 5/64 [wolf spider (6)]
  7419 | D:9      | 7419 ||| DRINKING potion of heal wounds.
  7422 | D:9      | Killed a wolf spider
  7422 | D:9      | Reached *** piety under Okawaru
  7423 | D:9      | Reached skill level 12 in Ranged Weapons
  7424 | D:9      | 7424 ||| READING 9 scrolls of teleportation.
  7444 | D:9      | Identified the +2 scale mail of the Transmuting Gods {Will+
                  | Str+3 SInv}
  7444 | D:9      | Noticed a skeletal warrior
  7447 | D:9      | 7447 ||| INVOKING Heroism.
  7450 | D:9      | HP: 10/64 [skeletal warrior/+0 hand axe (8)]
  7451 | D:9      | 7451 ||| READING 8 scrolls of teleportation.
  7454 | D:9      | Mangled by a skeletal warrior

Levels and vault maps discovered:
D:1:      wander_arrival_fairy_ring, layout_basic, serial_shops, shop
D:2:      minmay_door_path, layout_basic, ebering_ecumenical_altar_box
D:3:      layout_rooms, grunt_qazlal_clouds, nicolae_uskayaw_dance_hall,
          serial_shops, nicolae_shop_trees, gup_sewer_entry_spiral,
          dreamdust_mushroom_princess
D:4:      layout_loops_ring, lemuel_mausoleum_altar_yredelemnul, corner_web_ring
D:5:      layout_basic, minmay_temple_entry_hall, serial_shops,
          nicolae_shop_drivethru, minmay_misc_feat_more_columns, minmay_between
D:6:      layout_basic, serial_bayou_lagoon_a
D:7:      layout_basic
D:8:      layout_basic, mainiacjoe_overflow_catwalk, fedhas_altar_1, uniq_psyche
D:9:      layout_basic, nicolae_doodle_vault
Temple:   sentei_temple_godly_chess

Skill      XL: |  1  2  3  4  5  6  7  8  9 10 |
---------------+-------------------------------+-----
Ranged Weapons | 5 6 7 8 10 11 12 | 12.0
Fighting       | 3 4 5 6 7 8 |  8.0
Dodging        | 2 3 |  3.2
Armour         | 2 3 |  3.2
Invocations    | 1 4 |  4.1
Stealth        | |  1.1

Action                     |  1- 3 |  4- 6 |  7- 9 | 10-12 || total
---------------------------+-------+-------+-------+-------++-------
   Fire: Shortbow          |   118 |   141 |   218 |       ||   477
         Orcbow            |       |       |    53 |   164 ||   217
 Invoke: Heroism           |       |       |     3 |     2 ||     5
  Evoke: Wand              |       |       |       |     1 ||     1
    Use: Scroll            |     3 |     8 |     9 |     4 ||    24
         Potion            |     1 |       |     1 |     5 ||     7
 Armour: Leather armour    |    27 |    51 |    24 |       ||   102
         Ring mail         |       |       |    70 |   111 ||   181
         Skin              |       |       |    11 |       ||    11
  Dodge: Dodged            |    29 |    43 |   129 |   174 ||   375

Table legend:
 A = Non-vault XP
 B = Vault XP
 C = Vault XP percentage of total XP
 D = Non-vault monster count
 E = Vault monster count
 F = Vault count percentage of total count
                 A         B        C        D         E       F
            +---------+---------+-------+---------+---------+-------
      Total |    4503 |    1473 |  24.6 |     160 |      28 |  14.9
            +---------+---------+-------+---------+---------+-------
        D:1 |      47 |       0 |   0.0 |      21 |       0 |   0.0
        D:2 |     104 |       5 |   4.6 |      26 |       3 |  10.3
        D:3 |      49 |      25 |  33.8 |      14 |       6 |  30.0
        D:4 |     358 |     557 |  60.9 |      16 |      12 |  42.9
        D:5 |     475 |      73 |  13.3 |      12 |       4 |  25.0
        D:6 |     672 |       0 |   0.0 |      12 |       0 |   0.0
        D:7 |     793 |       0 |   0.0 |      23 |       0 |   0.0
        D:8 |    1881 |     340 |  15.3 |      29 |       1 |   3.3
        D:9 |     124 |     473 |  79.2 |       7 |       2 |  22.2
            +---------+---------+-------+---------+---------+-------
